 Dungeon Crawl Stone Soup version 0.29.0-4-gdea44cf6ec (webtiles) character file.

Game seed: 1682421590462320155

280 qw the Cleaver (level 6, 0/52 HPs)
             Began as a Minotaur Berserker on Sept 8, 2022.
             Was a Believer of Trog.
             Succumbed to a scorpion's poison
             ... on level 4 of the Dungeon.
             The game lasted 00:01:11 (3462 turns).

qw the Cleaver (Minotaur Berserker)                 Turns: 3462, Time: 00:01:12

Health: 0/52       AC:  5    Str: 24    XL:     6   Next: 5%
Magic:  5/5        EV: 11    Int:  4    God:    Trog [**....]
Gold:   53         SH:  0    Dex:  9    Spells: 5/5 levels left

rFire   . . .      SeeInvis .   Y - +2 hand axe
rCold   . . .      Faith    .   (no shield)
rNeg    . . .      Spirit   .   c - +0 ring mail
rPois   .          Reflect  .   (helmet restricted)
rElec   .          Harm     .   (no cloak)
rCorr   +          Rampage  .   (no gloves)
Will    ++...                   (no boots)
Stlth   ..........              (no amulet)
HPRegen 1.17/turn               l - ring of resist corrosion
MPRegen 0.09/turn               (no ring)

@: lethally poisoned (0 -> 0), strong-willed, on berserk cooldown, regenerating,
slowed, very slow
A: horns 2, retaliatory headbutt
a: Renounce Religion, Berserk, Trog's Hand


You were on level 4 of the Dungeon.
You worshipped Trog.
Trog was pleased with you.
You visited 1 branch of the dungeon, and saw 4 of its levels.

You collected 157 gold pieces.
You spent 104 gold pieces at shops.


Innate Abilities, Weirdness & Mutations

You have a pair of horns on your head.
You reflexively headbutt those who attack you in melee.


   Skills:
 - Level 4.0 Fighting
 + Level 8.0 Axes
 - Level 2.4 Armour
 - Level 2.1 Dodging


You had 5 spell levels left.
You didn't know any spells.
Your spell library was empty.

Inventory:

Hand Weapons
 j - a +0 club
 Y - a +2 hand axe (weapon)
Armour
 c - a +0 ring mail (worn)
Jewellery
 l - a ring of resist corrosion (left hand)
Scrolls
 a - 3 scrolls of identify
Potions
 b - 2 potions of mutation
 d - 2 potions of haste
 h - a potion of might
 i - 3 potions of attraction {unknown}

Dungeon Overview and Level Annotations

Branches:
Dungeon (4/15)
 Temple: D:4-7

Altars:
Gozag
Xom

Shops:
D:1 (   D:4 *

Annotations:
D:3 1 runed translucent door, qw's ghost, amateur MiFi


Message History

You feel very sick. The scorpion misses you.
You hit the scorpion but do no damage.
The scorpion is almost dead.
You feel sick.
The scorpion stings you but does no damage.
You barely miss the scorpion.
The scorpion is almost dead.
You feel very sick. The scorpion stings you.
You are more poisoned.
The scorpion poisons you! The scorpion stings you!
You are more poisoned.
The scorpion poisons you!
3455 ||| INVOKING Berserk.
A red film seems to cover your vision as you go berserk!
You feel yourself moving faster!
You feel mighty!
You feel very sick. The scorpion stings you.
You hit the scorpion.
You kill the scorpion!
Trog accepts your kill.
You feel very sick.
Your Axes skill increases to level 8!
You have reached level 6!
There is a lethal amount of poison in your body!
You feel very sick.
There is a lethal amount of poison in your body!
You feel a strong urge to attack something.
You feel sick.
There is a lethal amount of poison in your body!
You feel sick.
There is a lethal amount of poison in your body!
You feel your anger nearly subside.
You are no longer berserk.
You are exhausted.
You feel yourself slow down.
You feel sick.
3461 ||| INVOKING Trog's Hand.
Your skin crawls.
You feel strong-willed.
You feel very sick.
There is a lethal amount of poison in your body!
You die...

#.......###'###+###+### ##
#.......#..#.......#..# .#
#.......#..#.......#..### .#
#........).'###+###'..+.#### .#
#.......#..#.'.....#..#....# .#
#.......#..#.#...#.#..#.##.# .#
#........##..#._.#.'##'.##.# >#
####+#+##..#.#...#.#..#.#..#
.#### #.#.##..#@....'.#..###.##
....####.....)..###+###'..+<..#
.##......#.##..#.......#..#####
.<#......#.##..#.......#..#
.##.(......####.###'###'###
.........### ...#.###.####
........... .>..........#
.###.....### ............# .#
#.....# ...........#


There were no monsters in sight!

Vanquished Creatures
  A scorpion (D:4)
  A hound (D:4)
  Ijyb (D:3)
  8 adders
  2 worms
  7 dart slugs
  3 ball pythons
  2 bats
  10 endoplasms
  5 giant cockroaches (D:1)
  3 goblins
  5 hobgoblins
  4 quokkas
  3 frilled lizards (D:1)
  7 kobolds
  10 rats
72 creatures vanquished.

Notes
Turn   | Place    | Note
-------+----------+-------------------------------------------
     0 | D:1      | qw the Minotaur Berserker began the quest for the Orb.
     0 | D:1      | Reached XP level 1. HP: 19/19 MP: 0/0
     0 | D:1      | 0 ||| qw: Version: 0.1-a-112-g44dc6cd
     0 | D:1      | 0 ||| qw: Game counter: 6711
     0 | D:1      | 0 ||| qw: Always use a shield: true
     0 | D:1      | 0 ||| qw: Do Orc after D:15 true
     0 | D:1      | 0 ||| qw: Do second Lair branch before Depths: true
     0 | D:1      | 0 ||| qw: Lair rune preference: random
     0 | D:1      | 0 ||| qw: Plans: Normal
     0 | D:1      | 0 ||| PLANNING D:1-11
    83 | D:1      | Reached skill level 4 in Axes
    83 | D:1      | 83 ||| INVOKING Berserk.
   284 | D:1      | Reached XP level 2. HP: 26/26 MP: 1/1
   425 | D:1      | Found a faded altar of an unknown god.
   425 | D:1      | Found Rygis's Antique Weapon Boutique.
   480 | D:1      | 480 ||| SHOPLISTING club (28 gold, have 0).
   480 | D:1      | 480 ||| SHOPLISTING flail (98 gold, have 0).
   560 | D:1      | Reached skill level 5 in Axes
   647 | D:1      | Reached ** piety under Trog
   648 | D:1      | Reached XP level 3. HP: 31/31 MP: 2/2
   751 | D:1      | 751 ||| Stepping ~*~*~tactically~*~*~ (stealth).
   761 | D:1      | 761 ||| Stepping ~*~*~tactically~*~*~ (stealth).
   810 | D:1      | 810 ||| Stepping ~*~*~tactically~*~*~ (hiding).
  1001 | D:1      | 1001 ||| UPGRADING to +0 ring mail.
  1011 | D:1      | 1011 ||| DROPPING +0 animal skin.
  1012 | D:1      | 1012 ||| READING 5 scrolls labelled ETUHEF ADESTAT.
  1013 | D:1      | 1013 ||| READING scroll labelled XIDIVE RUPPA.
  1014 | D:1      | 1014 ||| READING 2 scrolls labelled UMOATR AHAQEO.
  1015 | D:1      | 1015 ||| DRINKING 3 viscous coppery potions.
  1016 | D:1      | 1016 ||| DROPPING scroll of vulnerability.
  1252 | D:2      | 1252 ||| INVOKING Berserk.
  1256 | D:2      | Reached skill level 6 in Axes
  1256 | D:2      | Reached XP level 4. HP: 39/39 MP: 3/3
  1371 | D:2      | 1371 ||| FLEEEEING.
  1634 | D:2      | 1634 ||| Stepping ~*~*~tactically~*~*~ (stealth).
  2065 | D:2      | 2065 ||| DROPPING amulet of magic regeneration.
  2066 | D:2      | 2066 ||| UPGRADING to ring of resist corrosion.
  2067 | D:2      | 2067 ||| READING scroll labelled MAESKA JADUXKERR.
  2068 | D:2      | 2068 ||| READING scroll labelled GAMOFF EHOT.
  2073 | D:2      | 2073 ||| READING scroll labelled IMEODY AHOL.
  2074 | D:2      | 2074 ||| READING scroll labelled QOXOEWKA VAFE.
  2075 | D:2      | 2075 ||| READING 4 scrolls of identify.
  2075 | D:2      | 2075 ||| IDENTIFYING sedimented pink potion
  2076 | D:2      | 2076 ||| READING 3 scrolls of identify.
  2076 | D:2      | 2076 ||| IDENTIFYING yellow potion
  2077 | D:2      | 2077 ||| READING 2 scrolls of identify.
  2077 | D:2      | 2077 ||| IDENTIFYING golden potion
  2078 | D:2      | 2078 ||| DROPPING potion of flight.
  2219 | D:3      | Noticed Ijyb
  2223 | D:3      | 2223 ||| INVOKING Berserk.
  2226 | D:3      | Killed Ijyb
  2412 | D:3      | Found a runed translucent door.
  2429 | D:3      | Noticed qw's ghost (amateur MiFi)
  2460 | D:3      | 2460 ||| INVOKING Berserk.
  2563 | D:3      | Reached skill level 7 in Axes
  2563 | D:3      | Reached XP level 5. HP: 36/45 MP: 4/4
  3186 | D:3      | 3186 ||| READING scroll labelled AZOTZUA LIUN.
  3187 | D:3      | 3187 ||| READING 2 scrolls of identify.
  3187 | D:3      | 3187 ||| IDENTIFYING smoky red potion
  3188 | D:3      | 3188 ||| DROPPING potion of magic.
  3215 | D:4      | Found a shimmering altar of Xom.
  3230 | D:4      | 3230 ||| READING scroll of teleportation.
  3234 | D:4      | 3234 ||| FLEEEEING.
  3260 | D:4      | Found Penuqix's General Store.
  3269 | D:4      | 3269 ||| BUYING scroll of enchant weapon (82 gold).
  3269 | D:4      | Bought a scroll of enchant weapon for 82 gold pieces
  3269 | D:4      | 3269 ||| BUYING scroll of identify (22 gold).
  3269 | D:4      | Bought a scroll of identify for 22 gold pieces
  3321 | D:4      | 3321 ||| READING scroll of enchant weapon.
  3321 | D:4      | 3321 ||| ENCHANTING +1 hand axe.
  3329 | D:4      | Found an opulent altar of Gozag.
  3443 | D:4      | 3443 ||| Stepping ~*~*~tactically~*~*~ (stealth).
  3455 | D:4      | 3455 ||| INVOKING Berserk.
  3455 | D:4      | HP: 16/69 [poisoned by a scorpion]
  3457 | D:4      | Reached skill level 8 in Axes
  3457 | D:4      | Reached XP level 6. HP: 12/52 MP: 5/5
  3459 | D:4      | HP: 6/78 [poisoned by a scorpion]
  3460 | D:4      | HP: 2/52 [poisoned by a scorpion]
  3461 | D:4      | 3461 ||| INVOKING Trog's Hand.
  3462 | D:4      | Succumbed to a scorpion's poison

Levels and vault maps discovered:
D:1:      lordsloth_arrival_two_stooges, layout_basic,
          shapermc_ecumenical_altar_totnotflames, serial_shops,
          nicolae_shop_stone
D:2:      layout_basic, kennysheep_generic_room_16
D:3:      layout_basic, ebering_ghost_inner_flame, glass_columns_a, uniq_ijyb
D:4:      layout_basic, kennysheep_little_box, mainiacjoe_overflow_24_doors,
          mainiacjoe_overflow_paths, minmay_temple_entry_grid, serial_shops,
          shop, due_unseen_surprise

Skill      XL: |  1  2  3  4  5 |
---------------+----------------+-----
Axes           | 4 5 6 7 8 |  8.0
Fighting       | 4 |  4.0
Armour         | |  2.4
Dodging        | |  2.1

Action                   |  1- 3 |  4- 6 || total
-------------------------+-------+-------++-------
Melee: Hand axe          |    79 |    83 ||   162
       Headbutt          |    11 |    18 ||    29
       Punch             |     1 |       ||     1
Invok: Berserk           |     2 |     3 ||     5
       Trog's Hand       |       |     1 ||     1
  Use: Scroll            |     3 |    11 ||    14
       Potion            |     1 |       ||     1
Armor: Animal skin       |     3 |       ||     3
       Ring mail         |     3 |    21 ||    24
Dodge: Dodged            |    41 |    24 ||    65

Table legend:
 A = Non-vault XP
 B = Vault XP
 C = Vault XP percentage of total XP
 D = Non-vault monster count
 E = Vault monster count
 F = Vault count percentage of total count
                 A         B        C        D         E       F
            +---------+---------+-------+---------+---------+-------
      Total |     360 |      40 |  10.0 |      69 |       3 |   4.2
            +---------+---------+-------+---------+---------+-------
        D:1 |      64 |       0 |   0.0 |      35 |       0 |   0.0
        D:2 |      75 |       2 |   2.6 |      14 |       2 |  12.5
        D:3 |      61 |      38 |  38.4 |      10 |       1 |   9.1
        D:4 |     160 |       0 |   0.0 |      10 |       0 |   0.0
            +---------+---------+-------+---------+---------+-------
